 Dungeon Crawl Stone Soup version 0.29-a0-297-g7659ce593d (webtiles) character file.

Game seed: 11218992715343490070

89 sanka the Ducker (level 4, -5/39 (41) HPs)
             Began as a Gnoll Monk on Mar 21, 2022.
             Was an Initiate of Gozag.
             Slain by Crazy Yiuf
             ... wielding a +3 quarterstaff of chaos
              (9 damage)
             ... on level 2 of the Dungeon.
             The game lasted 00:02:17 (2255 turns).

sanka the Ducker (Gnoll Monk)                       Turns: 2255, Time: 00:02:18

HP:   -5/39 (41)    AC:  3    Str: 12    XL:     4   Next: 55%
MP:   3/5           EV: 16    Int:  9    God:    Gozag
Gold: 318           SH:  0    Dex: 21    Spells: 5/5 levels left

rFire   . . .      SeeInvis .   s - +1 short sword (elec)
rCold   . . .      Faith    .   (no shield)
rNeg    . . .      Spirit   .   b - +0 robe
rPois   .          Reflect  .   (no helmet)
rElec   .          Harm     .   (no cloak)
rCorr   .          Rampage  .   d - +0 pair of gloves
Will    .....                   (no boots)
Stlth   +++.......              (no amulet)
HPRegen 0.13/turn               (no ring)
MPRegen 0.09/turn               j - +6 ring of dexterity

@: hasted, lightly drained, very quick
A: fangs 1, strong nose, distributed training
a: Renounce Religion, Potion Petition, Call Merchant, Bribe Branch


You were on level 2 of the Dungeon.
You worshipped Gozag.
Gozag was aware of your devotion.
You visited 1 branch of the dungeon, and saw 2 of its levels.

You collected 318 gold pieces.


Innate Abilities, Weirdness & Mutations

You have very sharp teeth.
Your uncanny sense of smell can sniff out nearby items.
Your experience applies equally to all skills.


   Skills:
 + Level 6.6 Fighting
 + Level 1.2 Short Blades
 + Level 1.2 Long Blades
 + Level 6.6 Axes
 + Level 1.2 Maces & Flails
 + Level 1.2 Polearms
 + Level 1.2 Staves
 + Level 1.2 Slings
 + Level 1.2 Bows
 + Level 1.2 Crossbows
 + Level 1.2 Throwing
 + Level 1.2 Armour
 + Level 6.6 Dodging
 + Level 4.3 Stealth
 + Level 1.2 Shields
 + Level 1.2 Unarmed Combat
 + Level 1.2 Spellcasting
 + Level 1.0 Conjurations
 + Level 1.0 Hexes
 + Level 1.0 Summonings
 + Level 1.0 Necromancy
 + Level 1.0 Translocations
 + Level 1.0 Transmutations
 + Level 1.0 Fire Magic
 + Level 1.0 Ice Magic
 + Level 1.0 Air Magic
 + Level 1.0 Earth Magic
 + Level 1.0 Poison Magic
 + Level 1.3 Invocations
 + Level 1.2 Evocations


You had 5 spell levels left.
You didn't know any spells.
Your spell library contained the following spells:

 Spells                   Type           Power      Damage    Failure   Level
 Summon Small Mammal      Summ           8%         N/A       24%         1
 Corpse Rot               Necr/Air       4%         N/A       36%         2
 Poisonous Vapours        Pois/Air       4%         N/A       36%         2
 Call Canine Familiar     Summ           2%         N/A       58%         3
 Summon Guardian Golem    Hex/Summ       2%         N/A       58%         3

Inventory:

Hand Weapons
 a - a +0 hand axe
 s - a +1 short sword of electrocution (weapon)
Missiles
 e - 3 curare-tipped darts (quivered) {=f}
 p - 6 poisoned darts
Armour
 b - a +0 robe (worn)
 d - a +0 pair of gloves (worn)
Magical Staves
 n - a staff of death
Jewellery
 j - a +6 ring of dexterity (right hand)
Scrolls
 f - 2 scrolls of identify {unknown}
 g - 3 scrolls of vulnerability {unknown}
 i - a scroll of enchant armour {unknown}
 l - a scroll of enchant weapon {unknown}
 m - 2 scrolls of teleportation {unknown}
 q - a scroll of torment {unknown}
Potions
 c - a potion of ambrosia
 h - a potion of cancellation {unknown}
 k - a potion of curing {unknown}
 o - a potion of heal wounds {unknown}
 r - a potion of haste {unknown}

Dungeon Overview and Level Annotations

Branches:
Dungeon (2/15)

Altars:
Gozag

Annotations:
D:2 Crazy Yiuf

▒.▒ ▒.▒▒▒▒▒▒▒▒
▒.▒......▒ ▒......▒▒▒
▒......▒
▒......▒▒▒▒▒▒▒
▒......▒...▒.▒▒▒ ▒▒▒▒
▒...........▒..▒▒g..▒
▒..........▒▒▒▒.g...▒
.......▒..▒▒ ▒▒▒..)▒
▒......▒▒▒▒ ▒▒▒▒
▒......▒ ▒......▒
▒......▒▒▒▒▒
▒..........▒
▒▒.....(..▒▒
▒▒......▒▒


You could see Crazy Yiuf.


Message History

Crazy Yiuf is lightly wounded.
Crazy Yiuf grits, "Key!
Goldfish King rumpyflump."
Crazy Yiuf closely misses you.
Unknown command.
You puncture Crazy Yiuf!
Crazy Yiuf is heavily wounded.
Crazy Yiuf hits you with a +3 quarterstaff of chaos.
Crazy Yiuf freezes you.
You hit Crazy Yiuf but do no damage.
Crazy Yiuf is heavily wounded.
Crazy Yiuf closely misses you.
Unknown command.
You barely miss Crazy Yiuf.
Crazy Yiuf is heavily wounded.
Crazy Yiuf hits you with a +3 quarterstaff of chaos!
* * * LOW HITPOINT WARNING * * *
You feel your power leaking away.
Unknown command.
You hit Crazy Yiuf.
Crazy Yiuf is severely wounded.
Crazy Yiuf barely misses you.
Unknown command.
You hit Crazy Yiuf.
Crazy Yiuf is severely wounded.
Crazy Yiuf hits you with a +3 quarterstaff of chaos!
* * * LOW HITPOINT WARNING * * *
You feel yourself speed up.
Crazy Yiuf hits you with a +3 quarterstaff of chaos!
You die...
Your body crumbles into a pile of gold.

Action                   |  1- 3 |  4- 6 || total
-------------------------+-------+-------++-------
Melee: Hand axe          |    93 |     7 ||   100
       Bite              |    10 |     2 ||    12
       Punch             |     1 |       ||     1
       Short sword       |       |    18 ||    18
 Stab: Sleeping          |     8 |     3 ||    11
Armor: Robe              |    11 |     1 ||    12
Dodge: Dodged            |    76 |    15 ||    91

Levels and vault maps discovered:
D:1:      erik_arrival_cave_to_civilisation [erik_arrival_cave_to_hall],
          layout_basic, dilly_ecumenical_altar_fadedgnrine, minmay_ruptured
D:2:      layout_rooms, uniq_crazy_yiuf_cottage, uniq_natasha

Notes
Turn   | Place    | Note
-------+----------+-------------------------------------------
     0 | D:1      | sanka the Gnoll Monk began the quest for the Orb.
     0 | D:1      | Reached XP level 1. HP: 23/23 MP: 1/1
   165 | D:1      | Reached XP level 2. HP: 24/29 MP: 2/2
   667 | D:1      | Found a faded altar of an unknown god.
   674 | D:1      | Prayed at the altar of an unknown god.
   674 | D:1      | Became a worshipper of Gozag Ym Sagoz the Greedy
   941 | D:1      | Reached XP level 3. HP: 35/35 MP: 3/3
  1503 | D:2      | Reached skill level 1 in Invocations
  1698 | D:2      | Reached skill level 1 in Short Blades
  1698 | D:2      | Reached skill level 1 in Long Blades
  1698 | D:2      | Reached skill level 1 in Maces & Flails
  1698 | D:2      | Reached skill level 1 in Polearms
  1698 | D:2      | Reached skill level 1 in Staves
  1698 | D:2      | Reached skill level 1 in Slings
  1698 | D:2      | Reached skill level 1 in Bows
  1698 | D:2      | Reached skill level 1 in Crossbows
  1698 | D:2      | Reached skill level 1 in Throwing
  1698 | D:2      | Reached skill level 1 in Armour
  1698 | D:2      | Reached skill level 1 in Shields
  1698 | D:2      | Reached skill level 1 in Unarmed Combat
  1698 | D:2      | Reached skill level 1 in Spellcasting
  1698 | D:2      | Reached skill level 1 in Evocations
  1698 | D:2      | Reached XP level 4. HP: 35/41 MP: 5/5
  1797 | D:2      | Found a runed translucent door.
  1798 | D:2      | Noticed Crazy Yiuf
  1965 | D:2      | Noticed Natasha
  1978 | D:2      | Killed Natasha
  1979 | D:2      | Reached skill level 1 in Conjurations
  1979 | D:2      | Reached skill level 1 in Hexes
  1979 | D:2      | Reached skill level 1 in Summonings
  1979 | D:2      | Reached skill level 1 in Necromancy
  1979 | D:2      | Reached skill level 1 in Translocations
  1979 | D:2      | Reached skill level 1 in Transmutations
  1979 | D:2      | Reached skill level 1 in Fire Magic
  1979 | D:2      | Reached skill level 1 in Ice Magic
  1979 | D:2      | Reached skill level 1 in Air Magic
  1979 | D:2      | Reached skill level 1 in Earth Magic
  1979 | D:2      | Reached skill level 1 in Poison Magic
  2255 | D:2      | Slain by Crazy Yiuf

Vanquished Creatures
  Natasha (D:2)
  2 adders (D:2)
  8 ball pythons
  4 bats
  3 endoplasms
  2 giant cockroaches
  5 goblins
  3 hobgoblins
  A quokka (D:1)
  2 frilled lizards (D:2)
  8 kobolds
  4 rats
43 creatures vanquished.
